 Dungeon Crawl Stone Soup version 0.29.1-1-gd02db6906a (webtiles) character file.

Game seed: 13415276882299409513

571 Ashen the Conjurer (level 7, -4/51 HPs)
             Began as a Demonspawn Conjurer on Oct 3, 2022.
             Killed by divine providence
             ... invoked by an orc priest
              (12 damage)
             ... on level 5 of the Dungeon.
             The game lasted 00:06:35 (4547 turns).

Ashen the Conjurer (Demonspawn Conjurer)            Turns: 4547, Time: 00:06:36

Health: -4/51      AC:  8    Str: 13    XL:     7   Next: 11%
Magic:  4/13       EV: 13    Int: 24    God:
Gold:   271        SH:  0    Dex: 15    Spells: 4/14 levels left

rFire   . . .      SeeInvis .   v - +10 dagger "Hass" {vorpal, rPois Int+2 Dex+4}
rCold   + . .      Faith    .   (no shield)
rNeg    . . .      Spirit   .   r - +0 ring mail
rPois   +          Reflect  .   f - +1 hat
rElec   +          Harm     .   (no cloak)
rCorr   .          Rampage  .   p - +0 pair of gloves
Will    .....                   i - +0 pair of boots
Stlth   ++........              (no amulet)
HPRegen 0.17/turn               (no ring)
MPRegen 0.13/turn               h - ring "Tish" {rElec rC+ Str+6}

@: no status effects
A: horns 2, sturdy frame 3
a: no special abilities


You were on level 5 of the Dungeon.
You visited 1 branch of the dungeon, and saw 5 of its levels.

You collected 271 gold pieces.

Inventory:

Hand Weapons
 v - the +10 dagger "Hass" (weapon) {vorpal, rPois Int+2 Dex+4}
   (You found it on level 3 of the Dungeon)

   It inflicts extra damage upon your enemies.
   Int:       It affects your intelligence (+2).
   Dex:       It affects your dexterity (+4).
   rPois:     It protects you from poison.
Missiles
 l - a throwing net
 n - 5 javelins
Armour
 f - a +1 hat (worn)
 i - a +0 pair of boots (worn)
 p - a +0 pair of gloves (worn)
 r - a +0 ring mail (worn)
 u - an orb of energy
Jewellery
 h - the ring "Tish" (right hand) {rElec rC+ Str+6}
   (You found it on level 4 of the Dungeon)

   [ring of strength]

   Str:       It affects your strength (+6).
   rC:        It protects you from cold.
   rElec:     It insulates you from electricity.
Scrolls
 a - 4 scrolls of identify {unknown}
 c - 7 scrolls of teleportation {unknown}
 e - 2 scrolls of enchant weapon {unknown}
 g - 3 scrolls of brand weapon {unknown}
 j - a scroll of butterflies {unknown}
 s - a scroll of immolation {unknown}
 t - a scroll of torment {unknown}
Potions
 b - 5 potions of magic
 d - 2 potions of attraction {unknown}
 k - 3 potions of curing {unknown}
 m - a potion of mutation {unknown}
 o - a potion of brilliance {unknown}
 q - a potion of might {unknown}


   Skills:
 + Level 2.5 Fighting
 + Level 3.1 Dodging
 + Level 3.3 Stealth
 * Level 4.1 Spellcasting
 * Level 5.7 Conjurations


You had 4 spell levels left.
You knew the following spells:

 Your Spells              Type           Power      Damage    Failure   Level
a - Magic Dart            Conj           100%       1d8       1%          1
b - Searing Ray           Conj           64%        2d6       1%          2
c - Dazzling Flash        Conj/Hex       36%        N/A       9%          3
d - Fulminant Prism       Conj/Hex       9%         3d7       30%         4

Your spell library contained the following spells:

 Spells                   Type           Power      Damage    Failure   Level
 Gell's Gravitas          Tloc           4%         N/A       28%         3
 Inner Flame              Hex/Fire       4%         N/A       28%         3
 Lesser Beckoning         Tloc           4%         N/A       28%         3
 Teleport Other           Tloc           4%         N/A       28%         3
 Iskenderun's Mystic Bla  Conj/Tloc      18%        2d6       30%         4
 Cause Fear               Hex            2%         N/A       67%         4
 Discord                  Hex            2%         N/A       100%        8


Dungeon Overview and Level Annotations

Branches:
Dungeon (5/15)
 Temple: D:4-7

Altars:


Innate Abilities, Weirdness & Mutations

You have a pair of horns on your head.
Your movements are significantly less encumbered by armour. (ER -6)


Message History

Casting: Dazzling Flash (dangerous; 9% risk of failure)
Confirm with . or Enter, or press ? or * to list all spells.
Casting: Dazzling Flash (dangerous; 9% risk of failure)
Press: ? - help, Dir - look around, f - activate The gnoll is dazzled.
The gnoll bouda is dazzled.
The orc wizard mumbles some strange words.
The orc wizard flickers and vanishes!
The gnoll barely misses you.
Unknown command.
You catch the helpless gnoll completely off-guard!
You puncture the gnoll!
You kill the gnoll!
The orc priest invokes the aid of Beogh against you.
Beogh smites you!
The gnoll hits you from afar with a +0 halberd!
Casting: Dazzling Flash (dangerous; 9% risk of failure)
Confirm with . or Enter, or press ? or * to list all spells.
Aiming: Searing Ray (safe; 1% risk of failure)
Press: ? - help, Shift-Dir - straight line, f - orc priest
Aim: an orc priest, wielding a +0 dagger (81% to hit)
The searing ray hits the orc!
You kill the orc!
The searing ray hits the gnoll!
The gnoll is almost dead.
The searing ray misses the gnoll bouda.
The searing ray hits the orc priest.
The orc priest is lightly wounded. (Press . to maintain the ray.)
The orc priest mumbles some strange prayers to Beogh against you.
Beogh smites you!
* * * LOW HITPOINT WARNING * * *
The orc wizard points at you and mumbles some strange words.
The magic dart hits something.
The searing ray hits something.
The searing ray hits the gnoll bouda but does no damage.
The gnoll bouda is severely wounded.
The searing ray hits the gnoll.
You kill the gnoll!
The searing ray misses the orc priest.
The orc priest invokes the aid of Beogh against you.
Beogh smites you!
You die...

....".........##.##.##
### #
.......#########.##.# #
.....### #.#l.. .
......# ###.♣.# .
..<..># #. .# .
......### ## .
........###### .
#...###......#########..
. #####
######....@{g)o... .
#######{g.... # o.... #
.... ... .. #


You could see a gnoll bouda (blind), an orc priest, an orc wizard and a gnoll
(swift).

Vanquished Creatures
  A steam dragon (D:5)
  An ogre (D:4)
  A phantom (D:3)
  A scorpion (D:5)
  A hound (D:4)
  Jessica (D:2)
  An iguana (D:5)
  2 gnolls (D:5)
  4 adders
  A worm (D:2)
  7 dart slugs
  6 orcs
  7 endoplasms
  3 giant cockroaches
  6 goblins
  9 hobgoblins
  3 kobolds
  3 quokkas (D:1)
  12 ball pythons
  6 bats
  6 frilled lizards
  5 rats
87 creatures vanquished.

Notes
Turn   | Place    | Note
-------+----------+-------------------------------------------
     0 | D:1      | Ashen the Demonspawn Conjurer began the quest for the Orb.
     0 | D:1      | Reached XP level 1. HP: 13/13 MP: 3/3
   225 | D:1      | Gained mutation: Your movements are slightly less
                  | encumbered by armour. (ER -2) [demonic ancestry]
   225 | D:1      | Reached XP level 2. HP: 13/20 MP: 1/5
   790 | D:1      | Gained mutation: You have a pair of small horns on your
                  | head. [demonic ancestry]
   790 | D:1      | Reached XP level 3. HP: 25/25 MP: 0/6
  1093 | D:1      | Found a faded altar of an unknown god.
  1329 | D:2      | Noticed Jessica
  1333 | D:2      | Killed Jessica
  1334 | D:2      | Reached skill level 1 in Fighting
  1334 | D:2      | Gained mutation: Your movements are less encumbered by
                  | armour. (ER -4) [demonic ancestry]
  1334 | D:2      | Reached XP level 4. HP: 32/32 MP: 2/8
  1410 | D:2      | Learned a level 2 spell: Searing Ray
  1414 | D:2      | Learned a level 3 spell: Dazzling Flash
  2998 | D:3      | Noticed a phantom
  3035 | D:3      | Killed a phantom
  3036 | D:3      | Reached skill level 5 in Conjurations
  3036 | D:3      | Gained mutation: Your movements are significantly less
                  | encumbered by armour. (ER -6) [demonic ancestry]
  3036 | D:3      | Reached XP level 5. HP: 38/38 MP: 0/9
  3266 | D:3      | Identified the +10 dagger "Hass" {vorpal, rPois Int+2
                  | Dex+4}
  3439 | D:4      | Identified the ring "Tish" {rElec rC+ Str+6}
  4177 | D:5      | Entered Level 5 of the Dungeon
  4177 | D:5      | Noticed an ogre
  4183 | D:4      | Killed an ogre
  4184 | D:4      | Reached XP level 6. HP: 40/44 MP: 7/11
  4225 | D:4      | Learned a level 4 spell: Fulminant Prism
  4303 | D:5      | Noticed a steam dragon
  4309 | D:5      | Killed a steam dragon
  4310 | D:5      | Gained mutation: You have a pair of horns on your head.
                  | [demonic ancestry]
  4310 | D:5      | Reached XP level 7. HP: 28/51 MP: 11/13
  4547 | D:5      | Killed from afar by an orc priest

Illustrated notes

Levels and vault maps discovered:
D:1:      beargit_arrival_diablo_church, layout_basic,
          dreamdust_ecumenical_altar_hidden_monk_grotto
D:2:      layout_loops_cross, dk_noncrumbling_3, serial_bayou_crossing,
          uniq_jessica
D:3:      layout_loops_ring, minivault_27, kennysheep_flooded_box,
          minmay_diced_spiral
D:4:      layout_cave_pods, minmay_misc_feat_iff, minmay_misc_feat_x
D:5:      layout_rooms, grunt_ministairs_5

Skill      XL: |  1  2  3  4  5  6 |
---------------+-------------------+-----
Stealth        | 2 3 |  3.3
Dodging        | 2 3 |  3.1
Fighting       | 1 2 |  2.5
Spellcasting   | 3 4 |  4.1
Conjurations   | 5 |  5.7

Action                   |  1- 3 |  4- 6 |  7- 9 || total
-------------------------+-------+-------+-------++-------
Melee: Dagger            |       |    50 |    10 ||    60
       Headbutt          |       |     5 |     2 ||     7
 Cast: Magic Dart        |    61 |    62 |       ||   123
       Dazzling Flash    |       |     1 |     3 ||     4
       Searing Ray       |       |       |     1 ||     1
 Stab: Sleeping          |       |     6 |       ||     6
       Invisible         |       |       |     2 ||     2
Armor: Robe              |     1 |     6 |       ||     7
       Ring mail         |       |    15 |       ||    15
Dodge: Dodged            |     4 |    34 |     7 ||    45
